 Dungeon Crawl Stone Soup version 0.19.0-2-gae57169 (webtiles) character file.

4 tv1990 the Skirmisher (level 1, 0/18 HPs)
             Began as a Formicid Monk on Nov 5, 2016.
             Slain by a kobold
             ... wielding a +2 short sword of draining
              (4 damage)
             ... on level 1 of the Dungeon.
             The game lasted 00:00:26 (186 turns).

tv1990 the Skirmisher (Formicid Monk)                Turns: 186, Time: 00:00:26

Health: 0/18       AC:  2    Str: 15    XL:     1   Next: 77%
Magic:  1/1        EV: 12    Int:  9    God:
Gold:   0          SH:  0    Dex: 13    Spells: 0 memorised, 0 levels left

rFire  . . .     SeeInvis +     a - +0 mace
rCold  . . .     Gourm    .     b - +0 robe
rNeg   . . .     Faith    .     (no shield)
rPois  .         Spirit   .     (helmet unavailable)
rElec  .         Reflect  .     (no cloak)
rCorr  .         Harm     .     (no gloves)
MR     .....                    (no boots)
Stlth  ++........               (no amulet)
                                (no ring)
                                (no ring)

@: drained
A: permanent stasis, dig shafts and tunnels, four strong arms, antennae 3
a: Dig, Shaft Self


You were on level 1 of the Dungeon.
You were not hungry.

You visited 1 branch of the dungeon, and saw 1 of its levels.

Inventory:

Hand Weapons
 a - a +0 mace (weapon)
Armour
 b - a +0 robe (worn)
Scrolls
 e - a scroll of identify {unknown}
Potions
 g - a potion of degeneration {unknown}
Comestibles
 c - a bread ration
 d - 3 chunks of flesh
 f - a meat ration


   Skills:
 + Level 3.4(2.8) Fighting
 * Level 3.1(2.6) Maces & Flails
 + Level 0.4(0.0) Armour
 - Level 2.6(2.1) Dodging
 - Level 2.4(1.8) Stealth


You couldn't memorise any spells.
You didn't know any spells.

Dungeon Overview and Level Annotations

Branches:
Dungeon (1/15)

Altars:


Innate Abilities, Weirdness & Mutations

You are under a permanent stasis effect.
You can dig through walls and to a lower floor.
Your four strong arms can wield two-handed weapons with a shield.
You have a pair of large antennae on your head. (SInv)


Message History

No target in view!
You butcher the frilled lizard corpse.
d - 3 chunks of flesh (gained 1)
e - a scroll labeled FAGAGH URER
g - a brown potion
Found 26 stones.
Found 26 stones.
You sense a monster nearby.
A kobold comes into view.
It is wielding a short sword of draining.
You barely miss the kobold.
The kobold hits you with a short sword of draining.
You feel drained.
You barely miss the kobold.
The kobold hits you with a short sword of draining.
* * * LOW HITPOINT WARNING * * *
You feel drained.
* * * LOW HITPOINT WARNING * * *
You miss the kobold.
The kobold hits you with a short sword of draining.
You die...

.................
.....###.#####..#
.#### #..........
#..#####... #..#
.######..#
.........####..
...............
.......@.......
.######K######.
#.. { #.## #.#
..# ... #.#


You could see a kobold.

Vanquished Creatures
  2 bats (D:1)
  A frilled lizard (D:1)
  A kobold (D:1)
  2 rats (D:1)
6 creatures vanquished.

Notes
Turn   | Place    | Note
-------+----------+-------------------------------------------
     0 | D:1      | tv1990 the Formicid Monk began the quest for the Orb.
     0 | D:1      | Reached XP level 1. HP: 18/18 MP: 1/1
   186 | D:1      | Slain by a kobold

Action                   || total
-------------------------++-------
Melee: Mace              ||    22
 Stab: Sleeping          ||     1
Armor: Robe              ||    13
Dodge: Dodged            ||    15

Table legend:
 A = Turns spent in this place as a percentage of turns spent in the entire game.
 B = Non-inter-level travel turns spent in this place as a percentage of non-inter-level travel turns spent in the entire game.
 C = Inter-level travel turns spent in this place as a percentage of turns spent in this place.
 D = Turns resting spent in this place as a percentage of non-inter-level travel turns spent in this place.
 E = Turns spent auto-exploring this place as a percentage of non-inter-level travel turns spent in this place.
 F = Non-inter-level travel turns spent in this place divided by the number of levels of this place that you've seen.
                   A       B       C       D       E      F
               +-------+-------+-------+-------+-------+----------------------
         Total | 100.0 | 100.0 |   0.0 |   0.0 |  21.3 |  61.0
       Dungeon | 100.0 | 100.0 |   0.0 |   0.0 |  21.3 |  61.0
               +-------+-------+-------+-------+-------+----------------------

Table legend:
 A = Kills in this place as a percentage of kills in entire the game.
 B = Kills by you in this place as a percentage of kills by you in the entire game.
 C = Kills by friends in this place as a percentage of kills by friends in the entire game.
 D = Other kills in this place as a percentage of other kills in the entire game.
 E = Experience gained in this place as a percentage of experience gained in the entire game.
 F = Experience gained in this place divided by the number of levels of this place that you have seen.
                   A       B       C       D       E      F
               +-------+-------+-------+-------+-------+----------------------
         Total | 100.0 | 100.0 |  -nan |  -nan | 100.0 |   7.0
       Dungeon | 100.0 | 100.0 |  -nan |  -nan | 100.0 |   7.0
               +-------+-------+-------+-------+-------+----------------------

Vault maps used:
D:1:      eino_arrival_cavern_b, minmay_pentomino_v2
